 Dungeon Crawl Stone Soup version 0.13.0-25-g43d4df3 (webtiles) character file.

412 Malachi the Chopper (level 6, -7/53 HPs)
             Began as a Hill Orc Fighter on Oct 27, 2013.
             Mangled by an ogre
             ... wielding a +0,+0 giant club
              (23 damage)
             ... on Level 4 of the Dungeon.
             The game lasted 00:04:26 (3013 turns).

Malachi the Chopper (Hill Orc Fighter)              Turns: 3013, Time: 00:04:27

HP  -7/53        AC  7     Str 21      XL: 6   Next:  0%
MP   5/5         EV  9     Int  8      God:
Gold 188         SH  0     Dex 10      Spells:  0 memorised,  5 levels left

Res.Fire  : . . .   See Invis. : .   a - +0 orc hand axe {=f}
Res.Cold  : . . .   Warding    : .   b - +0 orc scale mail
Life Prot.: . . .   Conserve   : .   (no shield)
Res.Poison: .       Res.Corr.  : .   (no helmet)
Res.Elec. : .       Clarity    : .   (no cloak)
Sust.Abil.: . .     Spirit.Shd : .   (no gloves)
Res.Mut.  : .       Stasis     : .   (no boots)
Res.Rott. : .       Flight     : .   (no amulet)
Saprovore : + . .                    (no ring)
                                     (no ring)

@: slightly resistant to hostile enchantments, extremely unstealthy
A: saprovore 1
a: no special abilities


You were on level 4 of the Dungeon.
You were not hungry.

You visited 1 branch of the dungeon, and saw 4 of its levels.

You collected 168 gold pieces.

Inventory:

Hand weapons
 a - a +0,+0 orcish hand axe (weapon) {=f}
Armour
 b - a +0 orcish scale mail (worn)
 c - a +0 orcish shield
Comestibles
 d - 3 meat rations
 h - a choko
 j - 2 bread rations
Scrolls
 f - 4 scrolls of amnesia {unknown}
 g - 3 scrolls of identify {unknown}
 i - a scroll of magic mapping {unknown}
 k - 2 scrolls of remove curse {unknown}
 l - a scroll of enchant weapon I {unknown}
 o - a scroll of fog {unknown}
Jewellery
 p - a cursed ring of teleportation {unknown}
Potions
 q - a potion of restore abilities


   Skills:
 + Level 5.0 Fighting
 * Level 5.3 Axes
 + Level 3.9 Armour
 + Level 1.9 Dodging
   Level 3.2 Shields


You had 5 spell levels left.
You didn't know any spells.

Dungeon Overview and Level Annotations

Branches:
Dungeon (4/27)
 Temple: D:4-7

Altars:
Nemelex Xobeh
Vehumet
the Shining One

Annotations:
D:3 Grinder


Innate Abilities, Weirdness & Mutations

You can tolerate rotten meat.


Message History

The ogre hits you with a giant club!
You hit the ogre.
The ogre is heavily wounded.
The ogre hits you with a giant club!
* * * LOW HITPOINT WARNING * * *
You are too injured to fight recklessly!
You are too injured to fight recklessly!
You are too injured to fight recklessly!
You hit the ogre.
The ogre is severely wounded.
The ogre barely misses you.
You hit the ogre.
The ogre is severely wounded.
You barely miss the ogre.
The ogre is severely wounded.
The ogre closely misses you.
You hit the ogre.
The ogre is almost dead.
The ogre hits you with a giant club!
You die...

...####.≈≈≈≈≈≈.. .
<..............>.....
...##........### .....
...##>.......## .....#
............... .......
...##.......... .?...#
...##........# .....##
.####.%%.....####O.......
.# #...........@........
. #........####.####### .
#[.......# .# ##.#####.#
?# #.# #.# .# #.# #.# .#
#.# #<# .# #.# #.# .# .
#.# .


You could see an ogre.

Vanquished Creatures
  An orc priest (D:3)
  A scorpion (D:4)
  An orc wizard (D:3)
  7 adders
  A worm (D:3)
  A grey rat (D:1)
  2 giant geckos
  2 oozes
  6 orcs (D:3)
  A ball python (D:1)
  3 giant cockroaches (D:2)
  6 hobgoblins
  5 bats
  2 giant newts
  5 goblins
  7 jackals
  3 kobolds (D:1)
  16 rats
70 creatures vanquished.

Notes
Turn   | Place    | Note
--------------------------------------------------------------
     0 | D:1      | Malachi, the Hill Orc Fighter, began the quest for the Orb.
     0 | D:1      | Reached XP level 1. HP: 19/19 MP: 0/0
   286 | D:1      | Reached skill level 4 in Fighting
   291 | D:1      | Reached XP level 2. HP: 17/27 MP: 1/1
   730 | D:2      | Reached XP level 3. HP: 26/33 MP: 2/2
   917 | D:2      | Found a glowing golden altar of the Shining One.
  1127 | D:2      | Reached skill level 1 in Dodging
  1127 | D:2      | Reached XP level 4. HP: 30/40 MP: 3/3
  1583 | D:3      | Found a sparkling altar of Nemelex Xobeh.
  1910 | D:3      | Reached XP level 5. HP: 22/47 MP: 4/4
  1912 | D:3      | Reached skill level 5 in Fighting
  2288 | D:3      | Reached skill level 5 in Axes
  2299 | D:3      | Noticed Grinder
  2308 | D:3      | Paralysed by Grinder for 7 turns
  2640 | D:4      | Found a radiant altar of Vehumet.
  2707 | D:4      | Reached XP level 6. HP: 9/53 MP: 5/5
  2711 | D:4      | Paralysed by a potion of paralysis for 4 turns
  2730 | D:4      | HP: 2/53 [poisoned by a scorpion]
  3006 | D:4      | Noticed an ogre
  3013 | D:4      | Mangled by an ogre

Action                   |  1- 3 |  4- 6 || total
-------------------------+-------+-------++-------
Melee: Hand axe          |   120 |   178 ||   298
  Use: Potion            |       |     4 ||     4
